Map: Catalyst LE

Players

liquidthermy (uThermal) - Winner!

  • Race: Terran Terran
  • League: Grandmaster
  • Spawn Location: 5:00

Neeblet (Neeb)

  • Race: Protoss Protoss
  • League: Master
  • Spawn Location: 11:00

Event: HomeStory Cup XVI

VOD

Have the link to the VOD?

Description

Time

  • Played on: Nov. 9, 2017, 9:59 a.m.
  • Length: 3:20

All games in this series

Show
View Real Time Build Order
Export as new Build Order

liquidthermy Terran - Winner!

Build Orders:  

Get SALT Encoding   

  12  0:02  SCV  
  13  0:15  Supply Depot  
  13  0:18  SCV  
  14  0:37  Barracks  
  14  0:42  Refinery  
  14  0:55  Barracks  
  14  1:00  SCV  
  15  1:12  SCV  
  16  1:24  Reaper  
  17  1:26  Orbital Command  
  17  1:42  Reaper  
  18  1:47  Bunker  
  18  1:50  Refinery  
  18  1:52  SCV  
  19  2:02  Reaper  
  19  2:19  Reaper  
  20  2:23  SCV  
  20  2:26  Supply Depot  
  21  2:35  Reaper  
  23  2:55  SCV  
Show
View Real Time Build Order
Export as new Build Order

Neeblet Protoss 

Build Orders:  

Get SALT Encoding   

  12  0:02  Probe (Chrono Boost)  
  14  0:14  Probe (Chrono Boost)  
  14  0:18  Pylon  
  14  0:26  Probe (Chrono Boost)  
  15  0:33  Probe (Chrono Boost)  
  15  0:36  Gateway  
  15  0:42  Probe (Chrono Boost)  
  16  0:46  Assimilator  
  17  0:54  Probe (Chrono Boost)  
  18  1:06  Probe (Chrono Boost)  
  19  1:15  Zealot  
  19  1:18  Probe (Chrono Boost)  
  20  1:21  Pylon  
  20  1:23  Cybernetics Core  
  20  1:25  Assimilator  
  22  1:30  Probe (Chrono Boost)  
  23  1:36  Pylon  
  23  1:42  Probe (Chrono Boost)  
  27  1:54  Probe (Chrono Boost)  
  27  1:56  Stalker  
  26  2:15  Probe (Chrono Boost)  
  27  2:21  Stalker  
  27  2:27  Probe (Chrono Boost)  
  30  2:39  Probe (Chrono Boost)  
  30  2:41  Robotics Facility  
Tags
 
Add a new tag
Caveats
  • Supply blocks, unpowered buildings, or Contaminate may cause inaccurate times.
  • Supply counts are checked every 10 seconds.